 Dungeon Crawl Stone Soup version 0.30-a0-1008-g30c9307041 (webtiles) character file.

Game seed: 3791691378017267505

543 Demosthentine the Poker (level 7, -2/54 HPs)
             Began as a Demonspawn Gladiator on Apr 6, 2023.
             Slain by a sixfirhy (11 damage)
             ... summoned by a kobold demonologist
             ... on level 5 of the Dungeon.
             The game lasted 00:04:10 (3723 turns).

Demosthentine the Poker (Demonspawn Gladiator)      Turns: 3723, Time: 00:04:12

Health: -2/54      AC:  6    Str: 15 (16) XL:     7   Next: 6%
Magic:  7/7        EV: 12    Int:  9      God:
Gold:   288        SH:  0    Dex: 11 (15) Spells: 6/6 levels left

rFire   . . .      SeeInvis .    a - +0 trident
rCold   + . .      Faith    .    (no shield)
rNeg    . . .      Spirit   .    b - +0 leather armour
rPois   .          Reflect  .    c - +0 helmet
rElec   .          Rampage  .    (no cloak)
rCorr   .                        n - +1 pair of gloves
Will    .....                    (no boots)
Stlth   +                        j - amulet of regeneration
HPRegen 1.09/turn                s - ring of protection from cold
MPRegen 0.10/turn                (no ring)

@: no status effects
A: powered by pain 2, weakness stinger 1
a: no special abilities


You were on level 5 of the Dungeon.
You visited 1 branch of the dungeon, and saw 5 of its levels.

You collected 288 gold pieces.

Inventory:

Hand Weapons
 a - a +0 trident (weapon)
Missiles
 e - a javelin (quivered)
Armour
 b - a +0 leather armour (worn)
 c - a +0 helmet (worn)
 n - a +1 pair of gloves (worn)
Jewellery
 j - an amulet of regeneration (around neck)
 s - a ring of protection from cold (left hand)
Scrolls
 h - 3 scrolls of teleportation
 i - 4 scrolls of magic mapping
 p - 3 scrolls of blinking
 q - 2 scrolls of fog
Potions
 f - a potion of mutation
 g - 2 potions of attraction
 m - 2 potions of brilliance
 o - a potion of flight
 r - a potion of curing
 t - a potion of resistance
 u - a potion of berserk rage {unknown}


   Skills:
 + Level 4.2 Fighting
 + Level 4.3 Polearms
 - Level 1.7 Throwing
 + Level 3.1 Armour
 + Level 4.2 Dodging


You had 6 spell levels left.
You didn't know any spells.
Your spell library contained the following spells:

 Spells                   Type           Power      Damage    Failure   Level
 Beastly Appendage        Tmut           0%         N/A       45%         1
 Scorch                   Fire           0%         2d5       58%         2
 Wereblood                Tmut           0%         N/A       58%         2
 Spider Form              Tmut/Pois      0%         N/A       83%         3
 Flame Wave               Conj/Fire      0%         2d4       99%         4
 Summon Cactus Giant      Summ           0%         N/A       100%        6


Dungeon Overview and Level Annotations

Branches:
Dungeon (5/15)
 Temple: D:4-7

Altars:
Dithmenos


Innate Abilities, Weirdness & Mutations

You sometimes gain power by taking damage.
You have a small tail.


Message History

You hit the kobold demonologist but do no damage.
The kobold demonologist is moderately wounded.
The kobold demonologist struggles against the net.
You hit the kobold demonologist but do no damage.
The kobold demonologist is lightly wounded.
The kobold demonologist struggles against the net.
The net rips apart, and the kobold demonologist comes free!
You puncture the kobold demonologist!
The kobold demonologist is moderately wounded.
The kobold demonologist misses you.
You hit the kobold demonologist but do no damage.
The kobold demonologist is moderately wounded.
The kobold demonologist mumbles some strange words.
Throw: 2 throwing nets
Press: ? - help, Q - select action, (/) - cycle Shift-Dir - straight line, f/p - kobold demonologist
Aim: a kobold demonologist, wielding a +0 dagger and wearing a +0 robe (moderately wounded, 46% to hit)
You throw a throwing net.
The throwing net misses the kobold demonologist.
The throwing net hits the sixfirhy.
The sixfirhy is caught in the net!
The sixfirhy struggles against the net.
The net rips apart, and the sixfirhy comes free!
The kobold demonologist begins to cast a cantrip, but forgets the words!
Throw: throwing net
Press: ? - help, Q - select action, (/) - cycle Shift-Dir - straight line, f/p - kobold demonologist
Aim: a kobold demonologist, wielding a +0 dagger and wearing a +0 robe (moderately wounded, 46% to hit)
You throw a throwing net.
The throwing net closely misses the kobold demonologist.
The throwing net misses the sixfirhy.
The kobold demonologist looks encouraged for a moment.
You closely miss the kobold demonologist.
The kobold demonologist is moderately wounded.
The kobold demonologist completely misses you.
The sixfirhy hits you. The sixfirhy shocks you!
You miss the kobold demonologist.
The kobold demonologist is moderately wounded.
The sixfirhy barely misses you. The sixfirhy hits you! The sixfirhy shocks you!
The sixfirhy hits you!
* * * LOW HITPOINT WARNING * * *
The sixfirhy shocks you!
You die...

#....#### #.#
....###.# ... .#.
#.### #.# #...# #.###
#.######.# #.#..
#........# #.#.#
#...#..####
######.#.#######..#...
#(..K@.#.##.......#...
#.#.3.......###...#...
#.####.#..#.......##
#.........#.#.###.##
.########....#.....#.
...........#.#######.
.####.#.#.#### #(....
#...#.##.# #.###.
#.#......# #.# #.


You could see a kobold demonologist and a sixfirhy (summoned).

Vanquished Creatures
  Eustachio (D:5)
  A black bear (D:5)
  A hound (D:5)
  An orc priest (D:4)
  An iguana (D:5)
  2 orc wizards (D:4)
  6 adders
  A white imp (D:5)
  An ufetubus (D:4)
  A worm (D:3)
  4 dart slugs
  7 orcs (D:4)
  2 ball pythons
  14 endoplasms
  4 giant cockroaches
  8 goblins
  9 hobgoblins
  A jackal (D:1)
  6 quokkas
  10 bats
  2 frilled lizards
  5 kobolds
  8 rats
96 creatures vanquished.

Notes
Turn   | Place    | Note
-------+----------+-------------------------------------------
     0 | D:1      | Demosthentine the Demonspawn Gladiator began the quest for
                  | the Orb.
     0 | D:1      | Reached XP level 1. HP: 16/16 MP: 1/1
    63 | D:1      | Gained mutation: You sometimes gain a little power by
                  | taking damage. [demonic ancestry]
    63 | D:1      | Reached XP level 2. HP: 22/22 MP: 2/2
   429 | D:1      | Reached skill level 1 in Armour
   450 | D:1      | Gained mutation: You have a small tail. [demonic ancestry]
   450 | D:1      | Reached XP level 3. HP: 27/28 MP: 3/3
   721 | D:1      | Found a faded altar of an unknown god.
  1369 | D:2      | Reached XP level 4. HP: 27/34 MP: 4/4
  2389 | D:4      | Found a shadowy altar of Dithmenos.
  2523 | D:4      | Reached XP level 5. HP: 41/41 MP: 5/5
  2628 | D:4      | HP: 1/41 [orc/+0 hand axe (5)]
  2633 | D:4      | HP: 1/41 [hobgoblin (4)]
  3398 | D:5      | Entered Level 5 of the Dungeon
  3408 | D:5      | Noticed Eustachio
  3451 | D:5      | Gained mutation: You sometimes gain power by taking damage.
                  | [demonic ancestry]
  3451 | D:5      | Reached XP level 6. HP: 22/47 MP: 6/6
  3509 | D:5      | Killed Eustachio
  3621 | D:5      | Reached XP level 7. HP: 22/54 MP: 7/7
  3708 | D:5      | Noticed a kobold demonologist
  3720 | D:5      | Noticed a sixfirhy
  3723 | D:5      | Slain by a sixfirhy

Illustrated notes

Levels and vault maps discovered:
D:1:      zaba_arrival_water, layout_basic,
          hellmonk_ecumenical_altar_inner_sanctum, minmay_distorted
D:2:      layout_basic, amcnicky_mini_rare_corridor_liquid,
          minmay_split_cup_large
D:3:      layout_rooms, dk_noncrumbling_2, minmay_misc_feat_rugged,
          chequers_serial_rivers_marsh, kennysheep_generic_room_10
D:4:      layout_basic, mainiacjoe_overflow_cross_hatched
D:5:      layout_basic, grunt_temple_overflow_open, uniq_eustachio, uniq_ijyb

Skill      XL: |  1  2  3  4  5  6 |
---------------+-------------------+-----
Polearms       | 3 4 |  4.3
Dodging        | 3 4 |  4.2
Armour         | 1 2 3 |  3.1
Fighting       | 3 4 |  4.2
Throwing       | |  1.7

Action                     |  1- 3 |  4- 6 |  7- 9 || total
---------------------------+-------+-------+-------++-------
  Melee: Trident           |   113 |   287 |    14 ||   414
         Tailslap          |     5 |    25 |     2 ||    32
         Punch             |       |       |     1 ||     1
  Throw: Throwing net      |       |       |     4 ||     4
    Use: Scroll            |     6 |    11 |       ||    17
         Potion            |       |     2 |       ||     2
   Stab: Sleeping          |     4 |       |       ||     4
 Armour: Leather armour    |    28 |   130 |       ||   158
  Dodge: Dodged            |    50 |   196 |     6 ||   252

Table legend: (Time is in decaauts)
 A = Elapsed time spent in this place.
 B = Non-inter-level travel time spent in this place.
 C = Inter-level travel time spent in this place.
 D = Time resting spent in this place.
 E = Time spent auto-exploring this place.
 F = Levels seen in this place.
 G = Mean time per level.
                   A        B        C        D        E       F      G
               +--------+--------+--------+--------+--------+-----+--------+
         Total |   3780 |   3677 |    103 |    197 |   2642 |   5 |  756.0 |
       Dungeon |   3780 |   3677 |    103 |    197 |   2642 |   5 |  756.0 |
               +--------+--------+--------+--------+--------+-----+--------+

Top non-repeatable levels by time:
     D:4: 1057 daAuts
     D:1: 957 daAuts
     D:2: 724 daAuts
     D:3: 704 daAuts
     D:5: 336 daAuts
